 Dungeon Crawl Stone Soup version 0.31-a0-232-gb1c03b2570 (webtiles) character file.

Game seed: 3684312051386695698

286 qw the Shooter (level 6, -34/51 HPs)
             Began as a Minotaur Hexslinger on July 6, 2023.
             Annihilated by an ogre
             ... wielding a +0 giant spiked club
              (37 damage)
             ... on level 4 of the Dungeon.
             The game lasted 00:01:03 (2278 turns).

qw the Shooter (Minotaur Hexslinger)                Turns: 2278, Time: 00:01:04

Health: -34/51     AC:  5    Str: 11 (12) XL:     6   Next: 8%
Magic:  6/6        EV: 10    Int: 10      God:
Gold:   204        SH:  0    Dex: 15      Spells: 6/7 levels left

rFire   . . .        Y - +1 sling
rCold   . . .        (no shield)
rNeg    . . .        a - +0 ring mail
rPois   +            (helmet restricted)
rElec   .            (no cloak)
rCorr   .            (no gloves)
SInv    .            (no boots)
Will    .....        (no amulet)
Stlth   +            i - ring of poison resistance
HPRegen 0.28/turn    (no ring)
MPRegen 0.10/turn

%: no passive effects
@: lethally poisoned (-34 -> -39), about to teleport
A: horns 2, retaliatory headbutt
a: no special abilities


You were on level 4 of the Dungeon.
You visited 1 branch of the dungeon, and saw 4 of its levels.

You collected 204 gold pieces.


Innate Abilities, Weirdness & Mutations

You have a pair of horns on your head.
You reflexively headbutt those who attack you in melee.


   Skills:
 + Level 3.4 Fighting
 - Level 6.1 Ranged Weapons
 - Level 1.2 Armour
 - Level 2.1 Dodging
 - Level 1.0 Spellcasting
 - Level 2.0 Hexes


You had 6 spell levels left.
You knew the following spells:

 Your Spells              Type           Power      Damage    Failure   Level
a - Slow                  Hex            16%        N/A       34%         1

Your spell library contained the following spells:

 Spells                   Type           Power      Damage    Failure   Level
 Inner Flame              Hex/Fire       2%         N/A       85%         3
 Portal Projectile        Hex/Tloc       4%         N/A       85%         3
 Cause Fear               Hex            2%         N/A       98%         4

Inventory:

Hand Weapons
 Y - a +1 sling (weapon)
Armour
 a - a +0 ring mail (worn)
 f - the +1 ring mail "Jeufok" {Harm rCorr Str-3 Slay-5}
   (You found it on level 4 of the Dungeon)

   Str:       It affects your strength (-3).
   Slay:      It affects your accuracy & damage with ranged weapons and melee
   (-5).
   rCorr:     It protects you from acid and corrosion.
   Harm:      It increases damage dealt and taken.
Jewellery
 i - a ring of poison resistance (left hand)
Scrolls
 g - 2 scrolls of teleportation
Potions
 b - a potion of heal wounds {unknown}
 c - a potion of curing
 d - 2 potions of cancellation
 e - a potion of lignification {unknown}
 h - a potion of haste

Dungeon Overview and Level Annotations

Branches:
Dungeon (4/15)
 Temple: D:4-7

Altars:


Message History

You start resting.
An ogre comes into view. It is wielding a +0 giant spiked club.
You shoot a sling bullet.
The sling bullet closely misses the ogre.
The ogre shouts!
You shoot a sling bullet.
The sling bullet hits the ogre but does no damage.
An orc wizard comes into view.
It is wielding a +0 dagger of venom and carrying a wand of charming (5).
You shoot a sling bullet. The orc wizard shouts!
The sling bullet hits the ogre.
The ogre is lightly wounded.
The orc wizard zaps a wand.
You resist with some effort.
You shoot a sling bullet.
The sling bullet closely misses the ogre.
You shoot a sling bullet. The sling bullet hits the ogre.
The ogre is moderately wounded.
The ogre closely misses you.
You shoot a sling bullet. The sling bullet hits the ogre.
The ogre is heavily wounded.
The ogre hits you with a +0 giant spiked club!!
Ouch! That really hurt!
You shoot a sling bullet. The sling bullet hits the ogre.
The ogre is heavily wounded.
The ogre hits you with a +0 giant spiked club!
2276 ||| READING 3 scrolls of teleportation.
As you read the scroll of teleportation, it crumbles to dust.
You feel strangely unstable.
The orc wizard zaps a wand.
You resist with some effort.
You shoot a sling bullet. The sling bullet hits the ogre.
The ogre is severely wounded.
The ogre hits you with a +0 giant spiked club.
The orc wizard hits you but does no damage.
You are lethally poisoned!
You shoot a sling bullet. The sling bullet hits the ogre.
The ogre is almost dead.
You feel very sick.
The ogre hits you with a +0 giant spiked club!!!
Ouch! That really hurt!
You die...

............... ###
##........####### ..
..........# ###
#.###........# #.. ..
#............#####.# #.#
............#.....# o.#
#.............##### #..
#oO..........## # #..##
#.@#...##[..## #. #...###.##
#....###
#..##.)#)..####...#####
##.......#............###
........)...##########...###
..........#.# ###...##
............## ###..#
.............#### ##.#
......>.........# #.#


You could see an ogre and an orc wizard.

Vanquished Creatures
  A hound (D:3)
  2 orc priests (D:4)
  3 orc wizards
  5 adders
  A worm (D:3)
  2 dart slugs
  6 orcs
  7 endoplasms
  5 giant cockroaches
  6 goblins
  4 hobgoblins (D:1)
  3 jackals
  3 quokkas
  A ball python (D:1)
  3 bats (D:1)
  7 frilled lizards
  4 kobolds
  5 rats
68 creatures vanquished.

Notes
Turn   | Place    | Note
-------+----------+-------------------------------------------
     0 | D:1      | qw the Minotaur Hexslinger began the quest for the Orb.
     0 | D:1      | Reached XP level 1. HP: 16/16 MP: 1/1
     0 | D:1      | 0 ||| qw: Version: 0.3-a-46-gb1f654a
     0 | D:1      | 0 ||| qw: Game counter: 1963
     0 | D:1      | 0 ||| qw: Melee chars always use a shield: true
     0 | D:1      | 0 ||| qw: God list: Okawaru
     0 | D:1      | 0 ||| qw: Allow faded altars: false
     0 | D:1      | 0 ||| qw: Do Orc after clearing Dungeon:15 true
     0 | D:1      | 0 ||| qw: Do second Lair branch before Depths: true
     0 | D:1      | 0 ||| qw: Lair rune preference: random
     0 | D:1      | 0 ||| qw: Goals: Normal
     0 | D:1      | 0 ||| PLANNING D:1-11
    41 | D:1      | Reached skill level 3 in Ranged Weapons
    41 | D:1      | Reached XP level 2. HP: 23/23 MP: 2/2
   455 | D:1      | 455 ||| UPGRADING to ring of poison resistance.
   456 | D:1      | 456 ||| READING scroll labelled YCEERGH JEUNKI.
   457 | D:1      | 457 ||| READING 2 scrolls labelled CISEABR HYBIST.
   460 | D:1      | 460 ||| READING scroll labelled YGGOICW SUYKK.
   461 | D:1      | 461 ||| DRINKING 3 fuming grey potions.
   462 | D:1      | 462 ||| DROPPING scroll of poison.
   480 | D:2      | Reached XP level 3. HP: 26/29 MP: 3/3
   480 | D:2      | 480 ||| STAIRDANCE
   594 | D:2      | Reached skill level 4 in Ranged Weapons
   594 | D:2      | 594 ||| FLEEEEING.
   595 | D:2      | 595 ||| FLEEEEING.
   596 | D:2      | 596 ||| FLEEEEING.
   618 | D:2      | 618 ||| FLEEEEING.
   619 | D:2      | 619 ||| FLEEEEING.
  1103 | D:2      | 1103 ||| UPGRADING to +0 ring mail.
  1113 | D:2      | 1113 ||| DROPPING +0 robe.
  1114 | D:2      | 1114 ||| READING 2 scrolls labelled SUAL WEFIF.
  1115 | D:2      | 1115 ||| READING scroll labelled OFATRA CUCITS.
  1116 | D:2      | 1116 ||| DRINKING 3 emerald potions.
  1221 | D:2      | 1221 ||| DROPPING 2 potions of berserk rage.
  1222 | D:2      | 1222 ||| DROPPING scroll of fear.
  1280 | D:3      | Reached XP level 4. HP: 36/36 MP: 4/4
  1338 | D:3      | Reached skill level 1 in Armour
  1573 | D:3      | Reached skill level 5 in Ranged Weapons
  1742 | D:3      | Reached XP level 5. HP: 41/41 MP: 5/5
  1845 | D:3      | 1845 ||| READING scroll labelled SURASHR SOXOO.
  1846 | D:3      | 1846 ||| READING 2 scrolls labelled JUIRER DYLI ENE.
  1847 | D:3      | 1847 ||| READING scroll labelled IHIZED TIWEJAB.
  1848 | D:3      | 1848 ||| READING scroll labelled TAYRI FYXZY.
  1849 | D:3      | 1849 ||| DRINKING 2 blue potions.
  1850 | D:3      | 1850 ||| DRINKING 2 smoky golden potions.
  1851 | D:3      | 1851 ||| DRINKING 2 glowing clear potions.
  1852 | D:3      | 1852 ||| DROPPING scroll of immolation.
  1853 | D:3      | 1853 ||| DROPPING potion of degeneration.
  1870 | D:4      | 1870 ||| STAIRDANCE
  1875 | D:3      | Reached skill level 3 in Fighting
  2034 | D:4      | Identified the +1 ring mail "Jeufok" {Harm rCorr Str-3
                  | Slay-5}
  2037 | D:4      | 2037 ||| Stepping ~*~*~tactically~*~*~ (outnumbered).
  2165 | D:4      | Identified the +4 spear "Gefanud" {vamp, Fragile rC- Str+9
                  | Int+3}
  2173 | D:4      | Reached skill level 6 in Ranged Weapons
  2195 | D:4      | 2195 ||| FLEEEEING.
  2196 | D:4      | 2196 ||| FLEEEEING.
  2204 | D:4      | Reached XP level 6. HP: 31/51 MP: 6/6
  2275 | D:4      | HP: 10/51 [ogre/+0 giant spiked club (15)]
  2276 | D:4      | 2276 ||| READING 3 scrolls of teleportation.
  2278 | D:4      | HP: 3/51 [poisoned by an orc wizard]
  2278 | D:4      | Annihilated by an ogre

Levels and vault maps discovered:
D:1:      heliophobic_arrival_enchanted_forest, layout_basic
D:2:      layout_loops_ring
D:3:      layout_basic, grunt_ministairs_3, nicolae_the_louvre
D:4:      layout_rooms, minmay_temple_entry_poolview, minmay_vboxes

Skill      XL: |  1  2  3  4  5 |
---------------+----------------+-----
Ranged Weapons | 3 4 5 6 |  6.1
Fighting       | 2 3 |  3.4
Armour         | 1 |  1.2
Dodging        | |  2.1
Spellcasting   | |  1.0
Hexes          | |  2.0

Action                     |  1- 3 |  4- 6 || total
---------------------------+-------+-------++-------
   Fire: Sling             |   118 |   115 ||   233
    Use: Scroll            |     5 |     5 ||    10
         Potion            |     2 |     3 ||     5
 Armour: Robe              |    12 |       ||    12
         Ring mail         |       |    23 ||    23
  Dodge: Dodged            |    36 |    28 ||    64

Table legend:
 A = Non-vault XP
 B = Vault XP
 C = Vault XP percentage of total XP
 D = Non-vault monster count
 E = Vault monster count
 F = Vault count percentage of total count
                 A         B        C        D         E       F
            +---------+---------+-------+---------+---------+-------
      Total |     402 |       7 |   1.7 |      66 |       2 |   2.9
            +---------+---------+-------+---------+---------+-------
        D:1 |      43 |       0 |   0.0 |      25 |       0 |   0.0
        D:2 |      48 |       0 |   0.0 |      13 |       0 |   0.0
        D:3 |     145 |       7 |   4.6 |      20 |       2 |   9.1
        D:4 |     166 |       0 |   0.0 |       8 |       0 |   0.0
            +---------+---------+-------+---------+---------+-------
